 Dungeon Crawl Stone Soup version 0.32-a0-893-gf85d74f360 (webtiles) character file.

Game seed: 2277961179511078447

13736 KennySheep the Fighter (level 12, -6/128 HPs)
             Began as an Oni Wanderer on Apr 3, 2024.
             Was a High Priest of Kikubaaqudgha.
             Mangled by a two-headed ogre
             ... wielding a +0 giant club
              (18 damage)
             ... on level 12 of the Dungeon on Apr 4, 2024.
             The game lasted 01:27:30 (16642 turns).

KennySheep the Fighter (Oni Wanderer)              Turns: 16642, Time: 01:27:31

Health: -6/128     AC:  6    Str: 21    XL:     12   Next: 9%
Magic:  25/25      EV: 10    Int: 18    God:    Kikubaaqudgha [*****.]
Gold:   418        SH:  0    Dex: 19    Spells: 3/29 levels left

rFire   + + +        a - staff of the Extremes {rElec rN+ Dex+3 Necro}
rCold   + . .        (no shield)
rNeg    + . .        L - +2 robe {rF+}
rPois   .            (helmet restricted)
rElec   +            y - +0 cloak "Lauthaesk" {rF+ rC+ Int+2 Dex+3}
rCorr   .            (gloves unavailable)
SInv    .            (boots unavailable)
Will    +....        i - amulet of magic regeneration
Stlth   ++           d - +6 ring of dexterity
HPRegen 0.41/turn    j - ring of protection from fire
MPRegen 0.59/turn

%: clarity
@: studying Polearms
A: large, unfitting armour, horns 1, tough skin 1, double potion healing,
drunken brawling, clarity, screaming 1, MP-powered wands
a: Renounce Religion, Unearth Wretches, Torment


You were on level 12 of the Dungeon.
You worshipped Kikubaaqudgha.
Kikubaaqudgha was extremely pleased with you.
You visited 2 branches of the dungeon, and saw 13 of its levels.
You also visited: Ossuary.

You collected 548 gold pieces.
You spent 130 gold pieces at shops.

Inventory:

Hand Weapons
 b - a +4 short sword
Armour
 c - a +0 robe
 y - the +0 cloak "Lauthaesk" (worn) {rF+ rC+ Int+2 Dex+3}
   (You acquired it in an ossuary)

   Int+2:     It affects your intelligence (+2).
   Dex+3:     It affects your dexterity (+3).
   rF+:       It protects you from fire.
   rC+:       It protects you from cold.
 L - a +2 robe of fire resistance (worn)
Magical Staves
 a - the staff of the Extremes (weapon) {rElec rN+ Dex+3 Necro}
   (You acquired it in an ossuary)

   [staff of death]

   Base accuracy: +5 Base damage: 5 Base attack delay: 1.2 This weapon's minimum
   attack delay (0.6) is reached at skill level 12.
   Dex+3:     It affects your dexterity (+3).
   rElec:     It insulates you from electricity.
   rN+:       It protects you from negative energy.
   Necro:     It increases the power of your Necromancy spells.
   It falls into the 'Staves' category.
   It is a one-handed weapon.
Jewellery
 d - a +6 ring of dexterity (left hand)
 e - a ring of protection from cold
 i - an amulet of magic regeneration (around neck)
 j - a ring of protection from fire (right hand)
 s - a ring of flight
 F - a ring of protection from fire
 M - a ring of poison resistance
Wands
 r - a wand of polymorph (11)
 I - a wand of flame (14)
 J - a wand of paralysis (6)
 K - a wand of roots (8)
Scrolls
 f - a scroll of identify
 g - 2 scrolls of enchant weapon
 l - a scroll of revelation
 n - a scroll of enchant armour
 p - a scroll of fog {unknown}
 q - a scroll of torment
 u - 2 scrolls of poison
 x - a scroll of amnesia
 z - 2 scrolls of vulnerability
 G - a scroll of noise {unknown}
 N - a scroll of summoning {unknown}
Potions
 h - a potion of brilliance
 k - a potion of invisibility {unknown}
 m - 5 potions of enlightenment
 o - a potion of haste
 t - 2 potions of might
 v - 3 potions of lignification
 A - a potion of attraction {unknown}
 C - 2 potions of degeneration {unknown}
 D - a potion of berserk rage {unknown}
 E - 2 potions of mutation


   Skills:
 + Level 10.7 Fighting
 - Level 4.5 Short Blades
 - Level 2.1(4.9) Polearms
 * Level 7.1(7.3) Staves
 - Level 3.0 Armour
 + Level 2.5 Dodging
 + Level 9.2 Spellcasting
 * Level 10.0 Necromancy
 - Level 1.7 Air Magic
 + Level 5.3 Evocations


You had 3 spell levels left.
You knew the following spells:

 Your Spells              Type           Power      Damage    Failure   Level
a - Animate Dead          Necr           61%        N/A       1%          4
b - Curse of Agony        Necr           61%        N/A       3%          5
c - Vampiric Draining     Necr           61%        2d10      1%          3
d - Dispel Undead         Necr           61%        3d21      1%          4
e - Death Channel         Necr           30%        N/A       22%         6
f - Martyr's Knell        Necr/Summ      39%        N/A       11%         4

Your spell library contained the following spells:

 Spells                   Type           Power      Damage    Failure   Level
 Kiss of Death            Conj/Necr      100%       2d13      1%          1
 Necrotise                Necr           100%       1d9       1%          1
 Shock                    Conj/Air       44%        1d5       6%          1
 Apportation              Tloc           16%        N/A       9%          1
 Foxfire                  Conj/Fire      32%        2x1d5     9%          1
 Sting                    Conj/Alch      32%        1d5       9%          1
 Summon Small Mammal      Summ           32%        N/A       9%          1
 Mephitic Cloud           Conj/Alch/Air  10%        N/A       21%         3
 Teleport Other           Tloc           8%         N/A       26%         3
 Summon Blazeheart Golem  Fire/Summ      8%         N/A       65%         4
 Dispersal                Tloc           4%         N/A       100%        6
 Gell's Gavotte           Tloc           4%         2d(13-19) 100%        6
 Plasma Beam              Fire/Air       5%         2x1d16    100%        6
 Starburst                Conj/Fire      4%         6d3       100%        6
 Orb of Destruction       Conj           4%         9d5       100%        7
 Spellforged Servitor     Conj/Summ      4%         N/A       100%        7


Dungeon Overview and Level Annotations

Branches:
Dungeon (12/15)            Temple (0/1) D:6            Lair (0/5) D:11
    Orc (1/2) D:10        Ossuary (visited)

Altars:
Ashenzari
Cheibriados
Dithmenos
Gozag
Kikubaaqudgha
Makhleb
Nemelex Xobeh
Qazlal
Ru
Sif Muna
Vehumet
Zin

Shops:
D:6 (   D:11 *

Annotations:
D:8 exclusion: ice statue


Innate Abilities, Weirdness & Mutations

You are too large for most types of armour.
You have a pair of small horns on your head.
You have tough skin. (AC +1)
You gain doubled healing and magic from potions.
Whenever you drink a healing potion, you attack all around you.
You possess an exceptional clarity of mind.
You occasionally shout uncontrollably at your foes.
You expend magic power (3 MP) to strengthen your wands.


Message History

You hit the centaur.
The centaur shrivels as negative energy consumes it!
The centaur is almost dead.
The centaur hits you. The centaur closely misses you.
You hit the centaur but do no damage.
The centaur shrivels as negative energy consumes it!!
You kill the centaur!
Kikubaaqudgha accepts your kill.
There is an entrance to Tupt's General Store here.
o - a potion of haste Thank you for shopping at Tupt's General Store!
You can access your shopping list by pressing '$'.
Okay, then.
Done exploring.
Done exploring.
Done exploring.
Done exploring.
You see here a wolf skeleton.
There is a staircase to the Lair here.
There is a stone staircase leading down, spattered with blood here.
You climb downwards.
The two-headed ogre shouts in stereo!
The two-headed ogre hits you with a +0 giant club!
The two-headed ogre hits you with a +0 giant spiked club!
The wraith closely misses you.
The two-headed ogre hits you with a +0 giant club!! x2
The two-headed ogre hits you with a +0 giant club!
The two-headed ogre hits you with a +0 giant spiked club!!
* * * LOW HITPOINT WARNING * * *
The two-headed ogre closely misses you.
The two-headed ogre hits you with a +0 giant spiked club!
* * * LOW HITPOINT WARNING * * *
There is a stone staircase leading up, spattered with blood here.
Okay, then.
Okay, then.
Okay, then.
The wraith hits you but does no damage. The two-headed ogre barely misses you.
The two-headed ogre hits you with a +0 giant club!!
You die...
Kikubaaqudgha rasps: You have failed me!
Welcome... death!

.
########.#
#........#
#O.......#
#W@......#
#OOO.....#
#.O.O.....
#........#
#.........
......####
#####.# .#


You could see 6 two-headed ogres and a wraith.

Vanquished Creatures
  An ogre mage (D:11)
  A two-headed ogre (D:8)
  An ugly thing (D:11)
  Pikel (D:4)
  A cyclops (D:11)
  Joseph (D:10)
  A gargoyle (D:11)
  A rime drake (D:10)
  A troll (D:9)
  A polar bear (D:11)
  A shadow (D:9)
  5 wraiths
  Eustachio (D:5)
  7 yaks
  5 vampire mosquitoes (D:10)
  A warg (D:10)
  3 steam dragons
  Edmund (D:5)
  4 acid dragons
  4 water moccasins
  An orc warrior (Orc:1)
  3 black bears
  10 ice beasts
  A sky beast (D:8)
  4 wolves
  4 ogres
  6 centaurs
  2 lemures (D:5)
  2 phantoms
  3 kobold brigands
  5 bullfrogs
  2 gnoll sergeants
  2 scorpions
  4 water moccasin zombies (Ossuary)
  4 wights
  A burial acolyte (Ossuary)
  4 killer bees
  4 howler monkeys
  2 bombardier beetles (D:4)
  3 hounds
  7 orc priests
  2 gnoll boudas
  A jelly (D:5)
  3 iguanas
  A spectral scorpion (Ossuary)
  2 sleepcaps
  10 orc wizards
  2 crocodile zombies (Ossuary)
  2 mummies (Ossuary)
  21 gnolls
  9 adders
  A shadow imp (D:6)
  2 white imps
  6 adder zombies (Ossuary)
  A ribbon worm (D:4)
  A dart slug (D:4)
  35 orcs
  6 endoplasms
  5 giant cockroaches
  10 goblins
  7 hobgoblins
  4 jackals (D:2)
  2 quokkas
  7 ball pythons
  8 bats
  9 gnoll zombies (Ossuary)
  4 jackal zombies (Ossuary)
  22 kobolds
  2 orc zombies (Ossuary)
  5 rats
306 creatures vanquished.

Vanquished Creatures (collateral kills)
  A hornet (D:10)
  A wolf (D:10)
  An orc wizard (D:7)
  A gnoll (D:7)
4 creatures vanquished.

Vanquished Creatures (others)
  A scorpion zombie (D:5)
  4 gnoll zombies (D:7)
  3 kobolds
  2 kobold zombies (D:8)
  6 orc zombies
16 creatures vanquished.

Grand Total: 326 creatures vanquished

Notes
Turn   | Place    | Note
-------+----------+-------------------------------------------
     0 | D:1      | KennySheep the Oni Wanderer began the quest for the Orb.
     0 | D:1      | KennySheep set off with the following items: a +3 short
                  | sword, a scroll of vulnerability, a +0 robe; and the
                  | following spell memorised: Shock; and the following spells
                  | available to memorise: Mephitic Cloud.
     0 | D:1      | Reached XP level 1. HP: 22/22 MP: 2/2
   206 | D:1      | Reached XP level 2. HP: 31/31 MP: 5/5
   939 | D:2      | Reached XP level 3. HP: 31/37 MP: 7/7
   974 | D:2      | Found an ancient bone altar of Kikubaaqudgha.
  1017 | D:2      | Became a worshipper of Kikubaaqudgha
  1219 | D:2      | Reached XP level 4. HP: 39/48 MP: 8/8
  1493 | D:2      | Reached skill level 1 in Necromancy
  1892 | D:2      | Found a faded altar of an unknown god.
  2042 | D:3      | Found a sacrificial altar of Ru.
  2632 | D:3      | Upgraded the game from 0.32-a0-886-g41c5271027 to
                  | 0.32-a0-893-gf85d74f360
  2660 | D:3      | Found a shadowy altar of Dithmenos.
  2728 | D:3      | Reached * piety under Kikubaaqudgha
  2728 | D:3      | Received a gift from Kikubaaqudgha
  2733 | D:3      | Reached XP level 5. HP: 28/54 MP: 3/10
  3322 | D:4      | Found a burning altar of Makhleb.
  3499 | D:4      | Reached XP level 6. HP: 59/63 MP: 7/12
  3515 | D:4      | Learned a level 3 spell: Vampiric Draining
  3520 | D:4      | Learned a level 4 spell: Animate Dead
  4205 | D:5      | Entered Level 5 of the Dungeon
  4261 | D:5      | Found a sand-covered staircase.
  4266 | Ossuary  | Entered an ossuary
  4328 | Ossuary  | Reached ** piety under Kikubaaqudgha
  4345 | Ossuary  | Reached skill level 5 in Fighting
  4449 | Ossuary  | Reached skill level 5 in Spellcasting
  4449 | Ossuary  | Reached XP level 7. HP: 58/72 MP: 14/14
  5108 | Ossuary  | Identified 2 scrolls of acquirement
  5108 | Ossuary  | Acquired the staff of the Extremes {rElec rN+ Dex+3 Necro}
  5111 | Ossuary  | Acquired the +0 cloak "Lauthaesk" {rF+ rC+ Int+2 Dex+3}
  5372 | D:5      | Noticed Edmund
  5419 | D:4      | Reached XP level 8. HP: 83/83 MP: 7/16
  5456 | D:5      | Noticed a yak
  5911 | D:5      | Killed Edmund
  5912 | D:5      | Reached skill level 5 in Necromancy
  5912 | D:5      | Reached skill level 1 in Evocations
  5919 | D:5      | Noticed Eustachio
  6443 | D:5      | Noticed Pikel
  7056 | D:4      | Killed Pikel
  7057 | D:4      | Reached XP level 9. HP: 81/93 MP: 9/19
  7382 | D:5      | Reached *** piety under Kikubaaqudgha
  7382 | D:5      | Received a gift from Kikubaaqudgha
  7388 | D:5      | Learned a level 4 spell: Dispel Undead
  7536 | D:5      | Killed Eustachio
  7537 | D:5      | Reached skill level 1 in Polearms
  7927 | D:6      | Found a glowing silver altar of Zin.
  8188 | D:6      | Found a shimmering blue altar of Sif Muna.
  8430 | D:6      | Found Ruxisis's Antique Weapon Shop.
  8690 | D:6      | Reached skill level 1 in Staves
  8795 | D:6      | Found a staircase to the Ecumenical Temple.
  9637 | D:7      | Reached XP level 10. HP: 71/106 MP: 16/21
  9736 | D:7      | Found a snail-covered altar of Cheibriados.
  9974 | D:7      | Reached **** piety under Kikubaaqudgha
  9982 | D:7      | Learned a level 6 spell: Death Channel
 10763 | D:7      | Reached skill level 1 in Armour
 11189 | D:8      | Noticed a two-headed ogre
 11392 | D:8      | Noticed an ice statue
 11647 | D:8      | Learned a level 4 spell: Martyr's Knell
 11661 | D:8      | Killed a two-headed ogre
 11731 | D:8      | Reached XP level 11. HP: 81/115 MP: 16/23
 11807 | D:8      | Found a radiant altar of Vehumet.
 12195 | D:9      | Reached skill level 5 in Staves
 12630 | D:9      | Found a broken altar of Ashenzari.
 13103 | D:10     | Entered Level 10 of the Dungeon
 13103 | D:10     | Noticed Joseph
 13115 | D:10     | Killed Joseph
 13371 | D:10     | Found a sparkling altar of Nemelex Xobeh.
 13414 | D:10     | Reached skill level 10 in Fighting
 13498 | D:10     | Found a staircase to the Orcish Mines.
 13958 | D:10     | Reached skill level 1 in Dodging
 14018 | D:10     | Gained mutation: You occasionally shout uncontrollably at
                  | your foes. [potion of mutation]
 14018 | D:10     | Gained mutation: You expend magic power (3 MP) to
                  | strengthen your wands. [potion of mutation]
 14018 | D:10     | Gained mutation: You possess an exceptional clarity of
                  | mind. [potion of mutation]
 14050 | D:10     | Paralysed by a hornet for 1 turns
 14403 | D:10     | Found an opulent altar of Gozag.
 14403 | D:10     | Found a stormy altar of Qazlal.
 14616 | D:10     | Reached skill level 5 in Evocations
 14853 | D:11     | Found a staircase to the Lair.
 14870 | D:11     | Reached ***** piety under Kikubaaqudgha
 14988 | D:11     | Noticed a cyclops
 15275 | D:11     | Noticed a purple ugly thing
 15288 | D:11     | Killed a purple ugly thing
 15388 | D:12     | Noticed an ogre mage
 15388 | D:12     | Noticed a two-headed ogre
 15388 | D:12     | Noticed a two-headed ogre
 15388 | D:12     | Noticed a two-headed ogre
 15388 | D:12     | Noticed a two-headed ogre
 15388 | D:12     | Noticed a two-headed ogre
 15388 | D:12     | Noticed a two-headed ogre
 15679 | Orc:1    | Entered Level 1 of the Orcish Mines
 15679 | Orc:1    | Noticed a two-headed ogre
 15921 | D:11     | Killed a cyclops
 15929 | D:11     | Killed an ogre mage
 15930 | D:11     | Reached XP level 12. HP: 74/128 MP: 1/25
 16389 | D:11     | Learned a level 5 spell: Curse of Agony
 16394 | D:11     | Found Tupt's General Store.
 16414 | D:11     | Reached skill level 10 in Necromancy
 16457 | D:11     | Bought a potion of haste for 130 gold pieces
 16642 | D:12     | Mangled by a two-headed ogre

Illustrated notes

Levels and vault maps discovered:
D:1:      eino_arrival_cavern_c, layout_rooms, serial_aquarium,
          aquarium_bridge_long_separate [aquarium_subvault_wall,
          aquarium_subvault_bridge, aquarium_subvault_wall,
          aquarium_subvault_bridge, aquarium_subvault_wall,
          aquarium_subvault_wall], aquarium_bridge_square
          [aquarium_subvault_bridge, aquarium_subvault_bridge,
          aquarium_subvault_window, aquarium_subvault_bridge],
          aquarium_window_fake, aquarium_window_corner, aquarium_window_corner,
          aquarium_view_2d, aquarium_view_2a, aquarium_balcony_3b,
          aquarium_pool_five, st_stairs_5, chequers_decorated_corner,
          hangedman_glass_teeth, hangedman_decor_growths
D:2:      layout_basic, basic_altar, ebering_ecumenical_altar_petrified
D:3:      layout_basic, mainiacjoe_overflow_24_doors, marbit_many_paths
D:4:      layout_gridville, lemuel_round_altar
D:5:      layout_loops_ring, enter_ossuary_5,
          nicolae_concentric_dashed_squares_mild, minmay_manual_mail,
          uniq_pikel, uniq_eustachio, uniq_edmund
D:6:      minmay_spotlight, layout_loops_corners,
          mainiacjoe_overflow_catwalk_spiral, minmay_temple_entry_tees,
          kennysheep_small_square
D:7:      layout_loops_ring, cheibriados_altar_1
D:8:      cheibrodos_frozen_isle, layout_rooms, nicolae_overflow_hidden_temple
D:9:      layout_roguey, nicolae_ashenzari_panopticon,
          kennysheep_generic_room_12
D:10:     layout_gridville, nemelex_spade_bored_becter,
          nicolae_overflow_two_pavilions, minmay_orc_entry_guard_dogs,
          uniq_joseph
D:11:     layout_cave_pools, hellmonk_lair_entry_icy, serial_shops, shop
D:12:     layout_loops_cross
Orc:1:    hellmonk_paralyzer, layout_caves, serial_shops,
          nicolae_shop_hallway_stairs, uniq_josephine, uniq_harold

Skill      XL: |  1  2  3  4  5  6  7  8  9 10 11 12 |
---------------+-------------------------------------+-----
Fighting       | 3 4 5 6 7 8 9 10 | 10.7
Spellcasting   | 2 3 4 5 6 7 8 9 |  9.2
Necromancy     | 1 2 3 4 6 7 8 9 10 | 10.0
Evocations     | 2 3 4 5 |  5.3
Polearms       | 2 |  2.1
Staves         | 2 4 6 7 |  7.1
Armour         | 2 3 |  3.0
Dodging        | 2 |  2.5
Short Blades   | |  4.5
Air Magic      | |  1.7

Action                     |  1- 3 |  4- 6 |  7- 9 | 10-12 || total
---------------------------+-------+-------+-------+-------++-------
  Melee: Short sword       |    70 |   111 |    54 |       ||   235
         Headbutt          |     8 |    17 |    44 |    81 ||   150
         Staff             |       |       |   132 |   314 ||   446
   Cast: Shock             |     1 |   152 |   108 |     4 ||   265
         Vampiric Draining |       |       |    74 |   141 ||   215
         Animate Dead      |       |       |     2 |     7 ||     9
         Martyr's Knell    |       |       |       |     4 ||     4
         Dispel Undead     |       |       |       |    18 ||    18
         Death Channel     |       |       |       |     1 ||     1
  Evoke: Wand              |       |       |       |     4 ||     4
    Use: Potion            |       |     7 |       |     9 ||    16
         Scroll            |       |     3 |     3 |     9 ||    15
   Stab: Sleeping          |     1 |     1 |     2 |     2 ||     6
         Paralysed         |       |       |       |    15 ||    15
 Armour: Robe              |    39 |   152 |   319 |   514 ||  1024
         Skin              |       |     3 |       |     1 ||     4
  Dodge: Dodged            |    21 |    77 |   132 |   228 ||   458

Table legend: (Time is in decaauts)
 A = Elapsed time spent in this place.
 B = Non-inter-level travel time spent in this place.
 C = Inter-level travel time spent in this place.
 D = Time resting spent in this place.
 E = Time spent auto-exploring this place.
 F = Levels seen in this place.
 G = Mean time per level.
                   A        B        C        D        E       F      G
               +--------+--------+--------+--------+--------+-----+--------+
         Total |  16630 |  15719 |    911 |   3834 |   9071 |  14 | 1187.9 |
       Dungeon |  15762 |  14851 |    911 |   3702 |   8613 |  12 | 1313.5 |
  Orcish Mines |     22 |     22 |      0 |      0 |      0 |   1 |   22.0 |
       Ossuary |    846 |    846 |      0 |    132 |    458 |   1 |  846.0 |
               +--------+--------+--------+--------+--------+-----+--------+

Top non-repeatable levels by time:
    D:10: 2671 daAuts
     D:4: 2340 daAuts
     D:6: 2071 daAuts
     D:5: 1577 daAuts
     D:7: 1375 daAuts
     D:2: 1176 daAuts
     D:9: 1133 daAuts
     D:1: 903 daAuts
     D:3: 879 daAuts
    D:11: 847 daAuts
 Ossuary: 846 daAuts
     D:8: 779 daAuts
   Orc:1: 22 daAuts
    D:12: 3 daAuts
